 Dungeon Crawl Stone Soup version 0.30-a0-857-gcaf70739d4 (webtiles) character file.

Game seed: 5345298155041068347

44 fozzywoppz the Trooper (level 3, -3/29 HPs)
             Began as a Demonspawn Monk on Mar 5, 2023.
             Slain by a worm (9 damage)
             ... on level 2 of the Dungeon.
             The game lasted 00:04:28 (1201 turns).

fozzywoppz the Trooper (Demonspawn Monk)            Turns: 1201, Time: 00:04:28

Health: -3/29      AC:  5    Str: 11    XL:     3   Next: 41%
Magic:  3/3        EV: 11    Int: 11    God:
Gold:   128        SH:  0    Dex: 17    Spells: 2/2 levels left

rFire   . . .      SeeInvis .      - Unarmed
rCold   . . .      Faith    .    (no shield)
rNeg    . . .      Spirit   .    n - +0 ring mail
rPois   .          Reflect  .    (no helmet)
rElec   .          Rampage  .    (no cloak)
rCorr   .                        (no gloves)
Will    .....                    (no boots)
Stlth   ++                       (no amulet)
HPRegen 0.24/turn                (no ring)
MPRegen 0.08/turn                (no ring)

@: no status effects
A: foul stench 1
a: no special abilities


You were on level 2 of the Dungeon.
You visited 1 branch of the dungeon, and saw 2 of its levels.

You collected 128 gold pieces.

Inventory:

Hand Weapons
 f - a +0 whip of venom
Armour
 a - a +0 robe
 c - an orb of energy
 e - a scarf of harm
 n - a +0 ring mail (worn)
Jewellery
 m - a ring of ice
Scrolls
 d - 3 scrolls of magic mapping {unknown}
 g - a scroll of immolation {unknown}
 h - a scroll of torment {unknown}
 i - a scroll of amnesia {unknown}
 j - a scroll of identify {unknown}
 k - a scroll of blinking {unknown}
Potions
 b - a potion of ambrosia
 l - a potion of lignification {unknown}


   Skills:
 * Level 3.5 Fighting
 + Level 2.9 Dodging
 + Level 2.1 Stealth
 + Level 3.3 Unarmed Combat


You had 2 spell levels left.
You didn't know any spells.
Your spell library contained the following spells:

 Spells                   Type           Power      Damage    Failure   Level
 Apportation              Tloc           0%         N/A       65%         1
 Alistair's Intoxication  Tmut/Pois      0%         N/A       100%        5


Dungeon Overview and Level Annotations

Branches:
Dungeon (2/15)

Altars:


Innate Abilities, Weirdness & Mutations

You may rarely emit foul miasma when damaged in melee.


Message History

The worm bites you!
You hit the worm.
The worm is moderately wounded.
You barely miss the worm. You punch the worm.
The worm is heavily wounded.
The worm bites you!
You hit the worm but do no damage.
The worm is heavily wounded.
You hit the worm.
The worm is severely wounded.
The worm bites you.
You hit the worm but do no damage.
The worm is severely wounded.
You hit the worm.
The worm is severely wounded.
The worm closely misses you.
You hit the worm.
The worm is severely wounded.
The worm bites you.
* * * LOW HITPOINT WARNING * * *
You hit the worm but do no damage.
The worm is severely wounded.
You hit the worm.
The worm is severely wounded.
The worm bites you.
* * * LOW HITPOINT WARNING * * *
You hit the worm but do no damage.
The worm is severely wounded.
You aren't carrying any items that you can evoke.
You hit the worm.
The worm is severely wounded.
You hit the worm.
The worm is almost dead.
The worm barely misses you.
You aren't carrying any items that you can evoke.
Okay, then.
You hit the worm.
The worm is severely wounded.
The worm bites you!
You die...

## .. .. ### .. ..# ..... #.#
.... #.# ...
..###########.####......
.......@w..........!....
#############.########## #....#
#.# ####
.############†...#####.##### #...
>..........................###.##
#######.#####....#####.###......#
........#####....# #.# ##.....#
###.........#....# #.# #.....#
............#....# #.# #....†#


You could see a worm.

Vanquished Creatures
  An adder (D:2)
  A worm (D:2)
  A dart slug (D:1)
  3 bats
  2 endoplasms
  A giant cockroach (D:2)
  2 hobgoblins (D:2)
  4 jackals (D:2)
  A quokka (D:1)
  8 ball pythons
  2 frilled lizards (D:2)
  A goblin (D:2)
  2 kobolds
  A rat (D:2)
30 creatures vanquished.

Notes
Turn   | Place    | Note
-------+----------+-------------------------------------------
     0 | D:1      | fozzywoppz the Demonspawn Monk began the quest for the Orb.
     0 | D:1      | Reached XP level 1. HP: 18/18 MP: 1/1
   206 | D:1      | Found a faded altar of an unknown god.
   207 | D:1      | Noticed a shining eye
   209 | D:1      | Noticed a floating eye
   209 | D:1      | Noticed a golden eye
   209 | D:1      | Noticed a shining eye
   313 | D:1      | Gained mutation: You may rarely emit foul miasma when
                  | damaged in melee. [demonic ancestry]
   313 | D:1      | Reached XP level 2. HP: 21/24 MP: 2/2
   891 | D:2      | Reached XP level 3. HP: 29/29 MP: 3/3
  1201 | D:2      | Slain by a worm

Illustrated notes

Levels and vault maps discovered:
D:1:      minmay_arrival_arboretum_small, layout_basic,
          hellmonk_ecumenical_altar_watching_god, serial_bayou_ford_a
D:2:      layout_basic, serial_bayou_pond_d

Skill      XL: |  1  2  3 |
---------------+----------+-----
Unarmed Combat | 3 |  3.3
Stealth        | 2 |  2.1
Fighting       | |  3.5
Dodging        | |  2.9

Action                     || total
---------------------------++-------
  Melee: Unarmed           ||   127
         Punch             ||     7
   Stab: Sleeping          ||     3
 Armour: Robe              ||    13
         Ring mail         ||     6
  Dodge: Dodged            ||    78

Table legend: (Time is in decaauts)
 A = Elapsed time spent in this place.
 B = Non-inter-level travel time spent in this place.
 C = Inter-level travel time spent in this place.
 D = Time resting spent in this place.
 E = Time spent auto-exploring this place.
 F = Levels seen in this place.
 G = Mean time per level.
                   A        B        C        D        E       F      G
               +--------+--------+--------+--------+--------+-----+--------+
         Total |   1206 |   1193 |     13 |      0 |    800 |   2 |  603.0 |
       Dungeon |   1206 |   1193 |     13 |      0 |    800 |   2 |  603.0 |
               +--------+--------+--------+--------+--------+-----+--------+

Top non-repeatable levels by time:
     D:1: 635 daAuts
     D:2: 571 daAuts
